 Dungeon Crawl Stone Soup version 0.27-a0-972-gd1521fd518 (webtiles) character file.

Game seed: 16802644380219387122

1748 Anon1729 the Insei (level 9, -6/63 HPs)
             Began as a Djinni Transmuter on Apr 13, 2021.
             Was a Follower of Cheibriados.
             Mangled by an orc warrior
             ... wielding a +0 trident
              (20 damage)
             ... on level 7 of the Dungeon.
             The game lasted 00:11:39 (8690 turns).

Anon1729 the Insei (Djinni Transmuter)              Turns: 8690, Time: 00:11:40

Health: -6/63      AC:  2    Str: 12    XL:     9   Next: 6%
Gold:   266        EV: 24    Int: 21    God:    Cheibriados [*.....] SH:  0 Dex: 22

rFire    + . .     SeeInvis .     - Unarmed
rCold    . . .     Faith    .   (shield currently unavailable)
rNeg     . . .     Spirit   .   (armour currently unavailable)
rPois    ∞         Reflect  .   (helmet currently unavailable)
rElec    .         Harm     .   (cloak currently unavailable)
rCorr    .         Rampage  .   (gloves currently unavailable)
Will     .....                  (boots unavailable)
Stlth    ++........             (no amulet)
HPRegen  0.20/turn              i - ring of protection from fire
MPRegen  0.00/turn              j - ring of wizardry

@: spider-form (expiring), flying, very slow
A: venomous fangs, flying, tiny, (fire resistance 2), (cold vulnerability 1),
float, innate caster, hp casting, extra vitality 1
a: End Transformation, Renounce Religion, Bend Time


You were on level 7 of the Dungeon.
You worshipped Cheibriados.
Cheibriados was aware of your devotion.
You were a venomous arachnid creature.
You visited 2 branches of the dungeon, and saw 8 of its levels.

You collected 266 gold pieces.

Inventory:

Armour
 a - a +0 robe
 o - the +1 leather armour of Baldness (melded) {Dex+3}
   (You found it on level 4 of the Dungeon)

   It affects your dexterity (+3).
Magical Staves
 m - a staff of death
Jewellery
 i - a ring of protection from fire (left front leg)
 j - a ring of wizardry (right front leg)
 y - a ring of see invisible
Wands
 f - a wand of paralysis (15)
 r - a wand of polymorph (6)
 x - a wand of iceblast (6)
 A - a wand of flame (17)
Scrolls
 b - a scroll of torment {unknown}
 c - 2 scrolls of magic mapping {unknown}
 d - 2 scrolls of vulnerability {unknown}
 h - 3 scrolls of identify {unknown}
 k - a scroll of teleportation {unknown}
 n - a scroll of fog {unknown}
 q - a scroll of enchant weapon {unknown}
 t - 2 scrolls of fear {unknown}
 w - a scroll of noise {unknown}
Potions
 e - 3 potions of degeneration {unknown}
 g - a potion of lignification {unknown}
 l - 2 potions of attraction {unknown}
 p - a potion of brilliance {unknown}
 s - 2 potions of resistance
 u - 2 potions of flight {unknown}
 v - a potion of ambrosia {unknown}
 z - a potion of might {unknown}


   Skills:
 + Level 4.5 Fighting
 + Level 5.4 Dodging
 * Level 7.2 Unarmed Combat
 * Level 5.7 Spellcasting


You couldn't memorise any spells.
You knew the following spells:

 Your Spells              Type           Power      Damage    Failure   Level
a - Beastly Appendage     Tmut           58%        N/A       2%          1
b - Wereblood             Tmut           29%        N/A       2%          2
c - Spider Form           Tmut/Pois      14%        N/A       4%          3
d - Ice Form              Ice/Tmut       29%        N/A       10%         4
e - Hydra Form            Tmut           14%        N/A       21%         5
f - Sandblast             Erth           58%        2d13      2%          1
g - Passwall              Tmut/Erth      24%        N/A       2%          2
h - Conjure Flame         Conj/Fire      29%        6-21      4%          3
i - Leda's Liquefaction   Hex/Erth       14%        N/A       10%         4
Your spell library was empty.

Dungeon Overview and Level Annotations

Branches:
Dungeon (7/15)             Temple (1/1) D:5

Altars:
Ashenzari
Cheibriados
Dithmenos
Elyvilon
Fedhas
Kikubaaqudgha
Makhleb
Nemelex Xobeh
Okawaru
Qazlal
Ru
Sif Muna
Trog
Vehumet
Wu Jian
Xom
Yredelemnul
The Shining One

Shops:
D:2 =((=


Innate Abilities, Weirdness & Mutations

You are a venomous arachnid creature.
You have poisonous fangs.
You are tiny and dextrous.
You are flying.
Your spellcasting is less reliable in this form.
Your armour is entirely melded.
You are incapable of wielding weapons or throwing items.
You are immune to poison.
((Your flesh is very heat resistant. (rF++)))
((You are vulnerable to cold. (rC-)))
You float through the air rather than walking.
You learn spells naturally, not from books.
Your magical power is your life essence.
You have superior vitality. (+4 HP)


Message History

An orc wizard comes into view. It is wielding a +0 dagger.
Your transformation has ended.
The +1 leather armour of Baldness {Dex+3} unmelds from your body.
The orc wizard shouts!
An orc comes into view. It is wielding a +0 hand axe.
The orc wizard moves out of view.
Found a whip.
An orc is nearby!
An orc priest comes into view.
It is wielding a +1 flail of protection.
The orc priest shouts!
A centaur comes into view.
You turn into a venomous arachnid creature.
The +1 leather armour of Baldness {Dex+3} melds into your body.
The centaur shouts!
The orc shouts!
An orc warrior comes into view. It is wielding a +0 trident.
The orc warrior shouts!
An orc comes into view. It is wielding a +0 short sword.
The orc shouts!
You bite the orc wizard!
The orc wizard is poisoned.
The orc wizard is severely wounded.
The orc wizard hits you but does no damage.
You completely miss the orc wizard.
The orc wizard is almost dead.
The orc wizard hits you with a +0 dagger.
The orc priest mumbles some strange prayers to Beogh against you.
Beogh smites you!
You barely miss the orc wizard.
The orc wizard is almost dead.
The orc wizard hits you with a +0 dagger.
You kill the orc wizard!
Cheibriados appreciates the change of pace.
The orc warrior completely misses you.
The orc warrior hits you from afar with a +0 trident!
Your transformation is almost over.
The orc warrior hits you from afar with a +0 trident!!
* * * LOW HITPOINT WARNING * * *
The orc warrior hits you but does no damage.
The orc priest casts a cantrip, but nothing happens.
The orc warrior hits you from afar with a +0 trident!!
You die...

#......#
##<####.##########
............†....#
#######..)#######.#
#...........# #.#
#.#####...#.# #.#
#.######.##.# #.#
#..o.o...o..## #.#
#..#####c.o.s# #.#
#c###..# #.###.#
#.# .o..)..# #..#
#.# #.# #o###o..#
#.## #.# #.#
..#..... #.# #.#
##...###. #.# #.#
..).. .. ..# #.#
.#.####. ### #.# .
.. ... ######.#


You could see an orc warrior, a centaur, an orc priest and an orc.

Vanquished Creatures
  Pikel (D:4)
  2 sky beasts (D:6)
  A black bear (D:6)
  2 ogres
  A centaur (D:6)
  A lemure (D:3)
  2 scorpions
  4 wights (D:6)
  A centaur zombie (D:5)
  A bullfrog zombie (D:6)
  2 jellies
  A hound (D:5)
  A centaur skeleton (D:4)
  A gnoll shaman (D:5)
  A bullfrog skeleton (D:5)
  An iguana (D:5)
  2 orc wizards
  A hound zombie (D:5)
  8 gnolls
  4 adders
  2 ufetubi
  4 worms
  A dart slug (D:2)
  6 orcs
  6 ball pythons
  7 endoplasms
  A giant cockroach (D:1)
  8 goblins
  2 hobgoblins
  4 jackals (D:2)
  3 kobolds
  2 quokkas
  4 bats
  6 frilled lizards
  7 rats
101 creatures vanquished.

Notes
Turn   | Place    | Note
-------+----------+-------------------------------------------
     0 | D:1      | Anon1729 the Djinni Transmuter began the quest for the Orb.
     0 | D:1      | Reached XP level 1. HP: 17/17 MP: 0/0
   209 | D:1      | Reached XP level 2. HP: 14/22 MP: 0/0
   760 | D:1      | Found a faded altar of an unknown god.
  1113 | D:2      | Found Peruth's Weapon Shop.
  1155 | D:2      | Reached XP level 3. HP: 6/27 MP: 0/0
  1155 | D:2      | Learned a level 1 spell: Sandblast
  1741 | D:2      | Found Leviubbu's Antique Weapon Emporium.
  1752 | D:2      | Found Futaw's Jewellery Emporium.
  1829 | D:2      | Found Wemigyll's Jewellery Shoppe.
  2601 | D:2      | Reached XP level 4. HP: 33/33 MP: 0/0
  3555 | D:3      | Found a stormy altar of Qazlal.
  3928 | D:4      | Found a blossoming altar of Fedhas.
  4186 | D:4      | Noticed a lemure
  4186 | D:4      | Noticed a lemure
  4187 | D:4      | Noticed Pikel
  4257 | D:3      | Killed a lemure
  4612 | D:4      | Killed Pikel
  4613 | D:4      | Reached skill level 5 in Unarmed Combat
  4613 | D:4      | Reached XP level 5. HP: 16/40 MP: 0/0
  4613 | D:4      | Learned a level 2 spell: Passwall
  4613 | D:4      | Reached XP level 6. HP: 18/46 MP: 0/0
  4613 | D:4      | Reached XP level 7. HP: 20/50 MP: 0/0
  4613 | D:4      | Learned a level 3 spell: Conjure Flame
  4866 | D:4      | Identified the +1 leather armour of Baldness {Dex+3}
  5237 | D:5      | Entered Level 5 of the Dungeon
  5371 | D:5      | Found a snail-covered altar of Cheibriados.
  5384 | D:5      | Became a worshipper of Cheibriados the Contemplative
  5785 | D:5      | Found a staircase to the Ecumenical Temple.
  5794 | Temple   | Entered the Ecumenical Temple
  6284 | D:5      | Found a bloodstained altar of Trog.
  6298 | D:5      | Reached XP level 8. HP: 47/56 MP: 0/0
  6492 | D:5      | Reached * piety under Cheibriados
  6729 | D:6      | Reached skill level 6 in Unarmed Combat
  7136 | D:6      | Found a white marble altar of Elyvilon.
  7335 | D:6      | Reached skill level 5 in Spellcasting
  7367 | D:6      | Reached skill level 5 in Dodging
  8070 | D:6      | Reached skill level 7 in Unarmed Combat
  8325 | D:6      | Reached XP level 9. HP: 28/63 MP: 0/0
  8325 | D:6      | Learned a level 4 spell: Leda's Liquefaction
  8690 | D:7      | Mangled by an orc warrior

Illustrated notes

Levels and vault maps discovered:
D:1:      wander_arrival_chamber, layout_rooms,
          shapermc_ecumenical_altar_totnotflames
D:2:      layout_loops_corners, serial_shops, shop,
          nicolae_shop_competitors_out_of_business, shop,
          nicolae_shop_behind_doors, st_stairs_12, minmay_pentomino_pile
D:3:      layout_basic, old_standard_altar
D:4:      layout_basic, lemuel_crystal_altar, uniq_pikel
D:5:      layout_loops_cross, gammafunk_temple_overflow_pools, slow_altar_2,
          minmay_temple_entry_statues_pillars
D:6:      layout_loops_corners, lemuel_round_altar,
          hangedman_abyss_or_decor_jellyfish_corner
D:7:      layout_loops_ring, serial_shops, shop
Temple:   minmay_temple_bridge_abc

Skill      XL: |  1  2  3  4  5  6  7  8 |
---------------+-------------------------+-----
Spellcasting   | 2 3 4 5 |  5.7
Fighting       | 3 4 |  4.5
Dodging        | 3 4 5 |  5.4
Unarmed Combat | 5 7 |  7.2

Action                   |  1- 3 |  4- 6 |  7- 9 || total
-------------------------+-------+-------+-------++-------
Melee: Unarmed           |   138 |    87 |   155 ||   380
       Headbutt          |    17 |     7 |     6 ||    30
       Punch             |     1 |     1 |     2 ||     4
 Cast: Beastly Appendage |    22 |    13 |     3 ||    38
       Wereblood         |     1 |       |       ||     1
       Spider Form       |       |     3 |    21 ||    24
       Conjure Flame     |       |       |     3 ||     3
       Leda's Liquefacti |       |       |     1 ||     1
Evoke: Wand              |     1 |     1 |    16 ||    18
 Stab: Sleeping          |     2 |       |     1 ||     3
       Paralysed         |     3 |     5 |       ||     8
Armor: Robe              |    20 |    10 |       ||    30
       Leather armour    |       |       |    15 ||    15
       Skin              |       |       |     3 ||     3
Dodge: Dodged            |    75 |    49 |   142 ||   266

Table legend: (Time is in decaauts)
 A = Elapsed time spent in this place.
 B = Non-inter-level travel time spent in this place.
 C = Inter-level travel time spent in this place.
 D = Time resting spent in this place.
 E = Time spent auto-exploring this place.
 F = Levels seen in this place.
 G = Mean time per level.
                   A        B        C        D        E       F      G
               +--------+--------+--------+--------+--------+-----+--------+
         Total |   9259 |   9049 |    210 |   1645 |   6401 |   8 | 1157.4 |
       Dungeon |   9071 |   8875 |    196 |   1645 |   6227 |   7 | 1295.9 |
        Temple |    188 |    175 |     13 |      0 |    173 |   1 |  188.0 |
               +--------+--------+--------+--------+--------+-----+--------+

Top non-repeatable levels by time:
     D:6: 2273 daAuts
     D:2: 2034 daAuts
     D:5: 1365 daAuts
     D:3: 1343 daAuts
     D:1: 975 daAuts
     D:4: 868 daAuts
     D:7: 209 daAuts
  Temple: 188 daAuts
